 Dungeon Crawl Stone Soup version 0.25-a0-1130-g3926558f3a (webtiles) character file.

Game seed: 4210571750338518094, levelgen mode: deterministic

64 kae the Skirmisher (level 4, -1/41 HPs)
             Began as a Gnoll Wanderer on May 19, 2020.
             Slain by Robin
             ... wielding a +0 spear
              (4 damage)
             ... on level 2 of the Dungeon.
             The game lasted 00:01:33 (1609 turns).

kae the Skirmisher (Gnoll Wanderer)                 Turns: 1609, Time: 00:01:33

Health: -1/41      AC:  3    Str: 16    XL:     4   Next: 12%
Magic:  1/11       EV: 12    Int: 14    God:
Gold:   139        SH:  0    Dex: 14    Spells: 12/13 levels left

rFire    . . .     SeeInvis .   a - +2 spear
rCold    . . .     Gourm    .   (no shield)
rNeg     . . .     Faith    .   d - +0 robe
rPois    .         Spirit   .   (no helmet)
rElec    .         Reflect  .   (no cloak)
rCorr    .         Harm     .   m - +0 pair of gloves
MR       .....                  (no boots)
Stlth    ++........             (no amulet)
HPRegen  0.13/turn              (no ring)
MPRegen  0.12/turn              (no ring)

@: very slightly contaminated
A: distributed training, fangs 1, strong nose
a: no special abilities


You were on level 2 of the Dungeon.
You were not hungry.

You visited 1 branch of the dungeon, and saw 2 of its levels.

You collected 139 gold pieces.

Inventory:

Hand Weapons
 a - a +2 spear (weapon)
Armour
 d - a +0 robe (worn)
 m - a +0 pair of gloves (worn)
Scrolls
 e - a scroll of enchant armour {unknown}
 h - 2 scrolls of identify {unknown}
 j - a scroll of fear {unknown}
 k - a scroll of noise {unknown}
 n - a scroll of teleportation {unknown}
Potions
 b - a potion of heal wounds {unknown}
 c - 2 potions of curing
 g - a potion of mutation {unknown}
 i - a potion of resistance {unknown}
 l - 2 potions of degeneration {unknown}
 p - a potion of flight {unknown}
Comestibles
 f - 5 rations
 o - a chunk of flesh


   Skills:
 + Level 6.5 Fighting
 + Level 1.0 Short Blades
 + Level 1.0 Long Blades
 + Level 1.0 Axes
 + Level 1.0 Maces & Flails
 + Level 1.0 Polearms
 + Level 1.0 Staves
 + Level 1.0 Slings
 + Level 1.0 Bows
 + Level 1.0 Crossbows
 + Level 2.7 Throwing
 + Level 1.0 Armour
 + Level 1.0 Dodging
 + Level 1.0 Stealth
 + Level 1.0 Shields
 + Level 1.0 Unarmed Combat
 + Level 5.0 Spellcasting
 + Level 0.7 Conjurations
 + Level 0.7 Hexes
 + Level 0.7 Charms
 + Level 3.8 Summonings
 + Level 0.7 Necromancy
 + Level 0.7 Translocations
 + Level 0.7 Transmutations
 + Level 2.2 Fire Magic
 + Level 0.7 Ice Magic
 + Level 0.7 Air Magic
 + Level 0.7 Earth Magic
 + Level 0.7 Poison Magic
 + Level 1.1 Invocations
 + Level 2.7 Evocations


You had 12 spell levels left.
You knew the following spells:

 Your Spells              Type           Power        Failure   Level  Hunger
a - Sting                 Tmut/Pois      #...         13%         1    None

Your spell library contained the following spells:

 Spells                   Type           Power        Failure   Level  Hunger
 Spider Form              Tmut/Pois      #.........   36%         3    ###....


Dungeon Overview and Level Annotations

Branches:
Dungeon (2/15)

Altars:

Annotations:
D:2 Robin


Innate Abilities, Weirdness & Mutations

Your experience applies equally to all skills.
You have very sharp teeth.
Your uncanny sense of smell can sniff out nearby items.


Message History

Aiming: Sting (safe; 13% risk of failure)
Press: ? - help, Shift-Dir - straight line, f - Robin
Aim: Robin, wielding a +0 spear, wearing a +0 animal skin and wearing a +0 helmet The sting hits Robin but does no damage.
Robin is poisoned.
The goblin closely misses you. The goblin hits you.
Robin hits you with a +0 spear.
You hit Robin.
Robin is heavily wounded.
The goblin hits you. The goblin misses you.
Robin roars a battlecry!
The goblins go into a battle-frenzy!
You completely miss Robin. You bite Robin, but do no damage.
Robin is heavily wounded.
The goblin hits you.
* * * LOW HITPOINT WARNING * * *
The goblin hits you but does no damage. The goblin completely misses you.
The hobgoblin hits you with a +0 club!
* * * LOW HITPOINT WARNING * * *
Robin hits you with a +0 spear.
You die...

#............#
##................
##...........#
#.##..#....[....# ##...#.######
#.###.#.####.#### #####.# #.#
#.#.# #.# ##'## #.###.#.# #.#
##...## #.......# #.# ##.....##
#####.### #.#### ##.......##
##.###.# #.##.#
#.........####@..##.######†#...
+.........'g.ggg...............
#.........####)g.##.######.#...
##.......## ##.###.# #.##.#
##.....## ### ... ##.####
##.gg## ....# #.<.# #......#
.#...# #...# #.#g##.# #.#####
#...# #?#.# .# # ##.##


You could see Robin (poisoned), a hobgoblin (strong) and 3 goblins.

Vanquished Creatures
  2 adders (D:2)
  An ooze (D:1)
  A worm (D:2)
  A leopard gecko (D:2)
  2 bats
  2 giant cockroaches (D:2)
  8 goblins
  8 hobgoblins
  3 kobolds (D:1)
  2 frilled lizards
  4 rats (D:2)
34 creatures vanquished.

Notes
Turn   | Place    | Note
-------+----------+-------------------------------------------
     0 | D:1      | kae the Gnoll Wanderer began the quest for the Orb.
     0 | D:1      | kae set off with the following items: a +2 spear, a potion
                  | of curing, a +0 robe, a ration; and the following spell
                  | memorised: Sting; and the following spells available to
                  | memorise: Spider Form
     0 | D:1      | Reached XP level 1. HP: 23/23 MP: 6/6
    80 | D:1      | Reached XP level 2. HP: 15/29 MP: 1/7
   541 | D:1      | Reached XP level 3. HP: 35/35 MP: 5/9
   982 | D:2      | Reached skill level 5 in Spellcasting
  1287 | D:2      | Reached skill level 1 in Invocations
  1514 | D:2      | Reached skill level 1 in Short Blades
  1514 | D:2      | Reached skill level 1 in Long Blades
  1514 | D:2      | Reached skill level 1 in Axes
  1514 | D:2      | Reached skill level 1 in Maces & Flails
  1514 | D:2      | Reached skill level 1 in Polearms
  1514 | D:2      | Reached skill level 1 in Staves
  1514 | D:2      | Reached skill level 1 in Slings
  1514 | D:2      | Reached skill level 1 in Bows
  1514 | D:2      | Reached skill level 1 in Crossbows
  1514 | D:2      | Reached skill level 1 in Armour
  1514 | D:2      | Reached skill level 1 in Dodging
  1514 | D:2      | Reached skill level 1 in Stealth
  1514 | D:2      | Reached skill level 1 in Shields
  1514 | D:2      | Reached skill level 1 in Unarmed Combat
  1514 | D:2      | Reached XP level 4. HP: 40/41 MP: 6/11
  1572 | D:2      | Noticed Robin
  1609 | D:2      | Slain by Robin

Illustrated notes

Levels and vault maps discovered:
D:1:      lemuel_arrival_hallway, layout_basic
D:2:      layout_loops_corners, first_ration, uniq_robin

Skill      XL: |  1  2  3 |
---------------+----------+-----
Fire Magic     | 2 |  2.2
Spellcasting   | 5 |  5.0
Invocations    | 1 |  1.1
Short Blades   | 1 |  1.0
Long Blades    | 1 |  1.0
Axes           | 1 |  1.0
Maces & Flails | 1 |  1.0
Polearms       | 1 |  1.0
Staves         | 1 |  1.0
Slings         | 1 |  1.0
Bows           | 1 |  1.0
Crossbows      | 1 |  1.0
Armour         | 1 |  1.0
Dodging        | 1 |  1.0
Stealth        | 1 |  1.0
Shields        | 1 |  1.0
Unarmed Combat | 1 |  1.0
Fighting       | |  6.5
Throwing       | |  2.7
Conjurations   | |  0.7
Hexes          | |  0.7
Charms         | |  0.7
Summonings     | |  3.8
Necromancy     | |  0.7
Translocations | |  0.7
Transmutations | |  0.7
Ice Magic      | |  0.7
Air Magic      | |  0.7
Earth Magic    | |  0.7
Poison Magic   | |  0.7
Evocations     | |  2.7

Action                   |  1- 3 |  4- 6 || total
-------------------------+-------+-------++-------
Melee: Spear             |    41 |    10 ||    51
       Bite              |     5 |     3 ||     8
 Cast: Sting             |    42 |    11 ||    53
 Stab: Sleeping          |     1 |       ||     1
  Eat: Chunk             |     2 |       ||     2
Armor: Robe              |    11 |     6 ||    17
Dodge: Dodged            |    24 |    27 ||    51

Table legend:
 A = Non-vault XP
 B = Vault XP
 C = Vault XP percentage of total XP
 D = Non-vault monster count
 E = Vault monster count
 F = Vault count percentage of total count
                 A         B        C        D         E       F
            +---------+---------+-------+---------+---------+-------
      Total |      83 |       9 |   9.8 |      29 |       5 |  14.7
            +---------+---------+-------+---------+---------+-------
        D:1 |      36 |       0 |   0.0 |      16 |       0 |   0.0
        D:2 |      47 |       9 |  16.1 |      13 |       5 |  27.8
            +---------+---------+-------+---------+---------+-------
